 Dungeon Crawl Stone Soup version 0.18-a0-1639-g7533f42 (webtiles) character file.

36 4thArraOfDagon the Covered (level 3, 1/29 HPs)
             Began as a Human Fighter on Mar 27, 2016.
             Was an Initiate of Okawaru.
             Quit the game on level 2 of the Dungeon.
             The game lasted 00:02:02 (332 turns).

4thArraOfDagon the Covered (Human Fighter)           Turns: 332, Time: 00:02:03

Health: 1/29       AC:  6    Str: 17    XL:     3   Next: 57%
Magic:  3/3        EV:  8    Int:  8    God:    Okawaru [......]
Gold:   20         SH:  9    Dex: 12    Spells: 0 memorised, 2 levels left

rFire  + + .     SeeInvis .     a - +0 war axe
rCold  + . .     Gourm    .     j - +1 ring mail {rF+}
rNeg   . . .     Faith    .     c - +0 shield
rPois  +         Spirit   .     (no helmet)
rElec  +         Dismiss  .     (no cloak)
rCorr  +         Reflect  .     (no gloves)
SustAt .         Harm     .     (no boots)
MR     .....                    (no amulet)
Stlth  +.........               (no ring)
                                (no ring)

@: lethally poisoned (1 -> -9), resistant, not resistant to hostile
enchantments, very unstealthy
A: no striking features
a: Renounce Religion


You were on level 2 of the Dungeon.
You worshipped Okawaru.
Okawaru was noncommittal.
You were not hungry.

You visited 1 branch of the dungeon, and saw 2 of its levels.

You collected 20 gold pieces.

Inventory:

Hand Weapons
 a - a +0 war axe (weapon)
Missiles
 h - 18 poisoned needles
Armour
 c - a +0 shield (worn)
 j - a +1 ring mail of fire resistance (worn)
Scrolls
 b - a scroll of amnesia {unknown}
 i - a scroll of identify {unknown}
 l - a scroll of remove curse {unknown}
Potions
 d - a potion of might
 e - a potion of magic
Comestibles
 f - a bread ration
 g - 2 chunks of flesh


   Skills:
 - Level 3.0 Fighting
 * Level 3.2 Axes
 + Level 3.3 Armour
 - Level 3.0 Shields
 + Level 0.9 Invocations


You had 2 spell levels left.
You didn't know any spells.

Dungeon Overview and Level Annotations

Branches:
Dungeon (2/15)

Altars:
Okawaru

Annotations:
D:2 Robin


Message History

The adder is severely wounded.
* * * LOW HITPOINT WARNING * * *
You feel sick. You block the adder's attack. x2
Unknown command.
You closely miss the adder.
The adder is severely wounded.
* * * LOW HITPOINT WARNING * * *
You feel sick. You block the adder's attack.
Unknown command.
Unknown command.
You hit the adder.
You kill the adder!
Okawaru accepts your kill.
* * * LOW HITPOINT WARNING * * *
You feel sick.
Unknown command.
Unknown command.
Unknown command.
Unknown command.
Are you sure you want to abandon this character and quit the game? (Confirm with "yes".)

......##########.#..............#
†.....+ #.#[.............#
......# #.#..............#
....... #.#..............#
....... #.#............. ......(
#.#............ ####+#.
#.############ # #.# # #@# #†#
#.# #.# #.# #.# ..# ###


There were no monsters in sight!

Vanquished Creatures
  An adder (D:2)
  A giant gecko (D:2)
  3 bats
  3 giant cockroaches (D:2)
  2 goblins
  4 hobgoblins
  5 jackals (D:2)
  2 kobolds
  A rat (D:1)
22 creatures vanquished.

Notes
Turn   | Place    | Note
--------------------------------------------------------------
     0 | D:1      | 4thArraOfDagon the Human Fighter began the quest for the Orb.
     0 | D:1      | Reached XP level 1. HP: 18/18 MP: 1/1
     3 | D:1      | Zhokez: ded
    29 | D:2      | Zhokez: pity
    34 | D:2      | Noticed Robin
    35 | D:2      | jacquesderrida: dang
    38 | D:1      | jacquesderrida: hi
    82 | D:1      | Zhokez: helo
   103 | D:1      | Reached XP level 2. HP: 20/24 MP: 2/2
   153 | D:1      | )
   199 | D:2      | Found an iron altar of Okawaru.
   208 | D:2      | Became a worshipper of Warmaster Okawaru
   228 | D:2      | Zhokez: what is right and what is wrong?
   260 | D:2      | Reached XP level 3. HP: 18/29 MP: 3/3
   275 | D:2      | jacquesderrida: a wall is right
   309 | D:2      | Zhokez: wright
   319 | D:2      | jacquesderrida: and wrong is you, zhokeronz!!!!
   331 | D:2      | HP: 1/29 [poisoned by an adder]
   332 | D:2      | Zhokez: ded
   332 | D:2      | 4thArraOfDagon: ded
   332 | D:2      | jacquesderrida: i ded
   332 | D:2      | jacquesderrida: i sit om bed
   332 | D:2      | Quit the game

Vault maps used:
D:1:      eino_arrival_cavern_c
D:2:      ecumenical_altar_2, okawaru_metal_pillars_1_2, uniq_robin

Skill      XL: |  1  2 |
---------------+-------+-----
Axes           | 3 |  3.2
Fighting       | |  3.0
Armour         | |  3.3
Shields        | |  3.0
Invocations    | |  0.9

Action                   || total
-------------------------++-------
Melee: War axe           ||    59
  Use: Potion            ||     2
